 Dungeon Crawl Stone Soup version 0.17.1-2-g5865329 (webtiles) character file.

30 Mysteryquy the Insei (level 3, -1/24 HPs)
             Began as an Octopode Transmuter on Jan 21, 2016.
             Was an Initiate of Cheibriados.
             Killed from afar by an orc wizard (10 damage)
             ... with a magic dart
             ... on level 3 of the Dungeon.
             The game lasted 00:02:38 (1437 turns).

Mysteryquy the Insei (Octopode Transmuter)          Turns: 1437, Time: 00:02:38

Health: -1/24      AC:  1    Str: 10    XL:     3   Next: 18%
Magic:  6/6        EV: 12    Int: 17    God:    Cheibriados [......]
Gold:   116        SH:  0    Dex: 13    Spells: 1 memorised, 5 levels left

rFire  . . .     SeeInvis .       - Unarmed
rCold  . . .     Clarity  .     (no shield)
rNeg   . . .     SustAt   .     (helmet restricted)
rPois  .         Gourm    .     (no amulet)
rElec  .         Spirit   .     (no ring)
rCorr  .         Warding  .     (no ring)
rMut   .         Stasis   .     (no ring)
MR     .....                    (no ring)
Stlth  ++........               (no ring)
                                (no ring)
                                (no ring)
                                (no ring)

@: very slow, not resistant to hostile enchantments, unstealthy
A: almost no armour, amphibious, 8 rings, constrict 8, camouflage 1, gelatinous
body 1
a: Bend Time, Renounce Religion


You were on level 3 of the Dungeon.
You worshipped Cheibriados.
Cheibriados was noncommittal.
You were not hungry.

You visited 1 branch of the dungeon, and saw 3 of its levels.

You collected 116 gold pieces.

Inventory:

Missiles
 a - 28 arrows
Jewellery
 j - an uncursed ring of wizardry {unknown}
 n - a +6 ring of protection {unknown}
Scrolls
 d - a scroll of recharging {unknown}
 g - a scroll of blinking {unknown}
 h - 2 scrolls of magic mapping {unknown}
 i - a scroll of remove curse {unknown}
Potions
 e - 3 potions of curing
 l - a potion of brilliance {unknown}
Books
 b - a book of Changes

   Spells                             Type                      Level
   a - Beastly Appendage              Transmutation                1
   b - Sticks to Snakes               Transmutation                2
   c - Spider Form                    Transmutation/Poison         3
   d - Ice Form                       Ice/Transmutation            4
   e - Blade Hands                    Transmutation                5
Comestibles
 c - 4 bread rations
 f - 5 fruits
 k - 2 meat rations


   Skills:
 + Level 1.9 Fighting
 + Level 2.2 Dodging
 + Level 3.3 Unarmed Combat
 - Level 2.0 Spellcasting
 + Level 2.4 Transmutations


You had 5 spell levels left.
You knew the following spells:

 Your Spells              Type           Power        Failure   Level  Hunger
a - Beastly Appendage     Trmt           #.....       10%         1    #......


Dungeon Overview and Level Annotations

Branches:
Dungeon (3/15)

Altars:
Cheibriados


Innate Abilities, Weirdness & Mutations

You cannot wear most types of armour.
You are amphibious.
You can wear up to eight rings at the same time.
You can use your tentacles to constrict eight enemies at once.
Your skin changes colour to match your surroundings (Stealth).
Your rubbery body absorbs attacks (AC +1).


Message History

You are confused.
You're too confused to move!
You miss something. Your squeeze misses something. Something hits you.
* * * LOW HITPOINT WARNING * * *
You completely miss something. You miss something.
Something hits you but does no damage.
You miss something. Something hits you.
* * * LOW HITPOINT WARNING * * *
You bump into the rock wall.
You feel less confused. Something hits you but does no damage.
Drink which item? (? for menu, Esc to quit)
It was a potion of curing.
You feel better. Something hits you.
* * * LOW HITPOINT WARNING * * *
Drink which item? (? for menu, Esc to quit)
You feel better.
You hear some strange, mumbled words.
A magic dart appears from out of thin air!
The magic dart hits you!
You die...

.....(...##..
.!.......##.# .#
.....?....#.# #.#
.........o#.####.#
........#.#......#
..........o####..#
........#..# #..#
.######....####..#
#.##.{@....#####
#.########.#<..#
.. #.....#.###.#
#####.###.#.# #.#
#...#...#.#(# #.#
#.#.#...#...###.#
#...............#
###....##########
######


There were no monsters in sight!

Vanquished Creatures
  2 giant geckos
  An orc (D:3)
  2 giant cockroaches
  4 goblins (D:1)
  3 hobgoblins (D:1)
  5 bats
  A giant newt (D:1)
  3 kobolds (D:1)
  6 rats
27 creatures vanquished.

Notes
Turn   | Place    | Note
--------------------------------------------------------------
     0 | D:1      | Mysteryquy the Octopode Transmuter began the quest for the Orb.
     0 | D:1      | Reached XP level 1. HP: 13/13 MP: 3/3
   189 | D:1      | Reached XP level 2. HP: 5/18 MP: 3/5
  1176 | D:2      | Found a snail-covered altar of Cheibriados.
  1286 | D:2      | Became a worshipper of Cheibriados the Contemplative
  1333 | D:2      | Reached XP level 3. HP: 21/24 MP: 6/6
  1434 | D:3      | HP: 1/24 [something (6)]
  1437 | D:3      | Killed from afar by an orc wizard

Action                   || total
-------------------------++-------
Melee: Unarmed           ||    62
 Cast: Beastly Appendage ||     1
  Use: Potion            ||     2
 Stab: Sleeping          ||     1
  Eat: Chunk             ||     2
